 Dungeon Crawl Stone Soup version 0.26-a0-660-gc07710193c (webtiles) character file.

Game seed: 10681340287420332593

17193 robertstho the Eclecticist (level 12, -4/61 HPs)
             Began as a Deep Elf Ice Elementalist on Oct 7, 2020.
             Was a Priest of Sif Muna.
             Slain by an ice devil (9 damage)
             ... in an ice cave.
             The game lasted 00:39:34 (15795 turns).

robertstho the Eclecticist (DEIE)                  Turns: 15795, Time: 00:39:36

Health: -4/61      AC:  8    Str:  5    XL:     12   Next: 16%
Magic:  15/33      EV: 14    Int: 35    God:    Sif Muna [***...]
Gold:   871        SH:  0    Dex: 19    Spells: 25/42 levels left

rFire    + . .     SeeInvis .   X - +6 falchion "Raunydeb" {vorpal, *Contam rF+ MR++ Dex+4}
rCold    . . .     Faith    .   (no shield)
rNeg     . . .     Spirit   .   O - +0 steam dragon scales (curse)
rPois    .         Reflect  .   N - +0 helmet {Int+3}
rElec    .         Harm     .   K - +0 cloak
rCorr    .         Rampage  .   h - +0 pair of gloves
MR       ++++.                  (no boots)
Stlth    +++.......             (no amulet)
HPRegen  0.20/turn              j - +6 ring of intelligence
MPRegen  0.23/turn              I - ring of protection from magic

@: studying Fire Magic
A: no striking features
a: Channel Magic, Forget Spell, Renounce Religion


You were in an ice cave.
You worshipped Sif Muna.
Sif Muna was most pleased with you.
You visited 3 branches of the dungeon, and saw 15 of its levels.
You also visited: Sewer and Ice Cave.

You collected 871 gold pieces.

Inventory:

Hand Weapons
 C - a +3 flail of protection
 G - the +7 great mace "Firestarter" {inner flame, rF++}
   (You found it on level 11 of the Dungeon)

   It has been specially enchanted to burn those struck by it, causing extra
   injury to most foes and up to half again as much damage against particularly
   susceptible opponents.
   It greatly protects you from fire.
 J - the +8 flail of the Shimmering Whale {flame, Int+4 Dex+3}
   (You found it on level 8 of the Dungeon)

   It has been specially enchanted to burn those struck by it, causing extra
   injury to most foes and up to half again as much damage against particularly
   susceptible opponents.
   It affects your intelligence (+4).
   It affects your dexterity (+3).
 L - a +2 trident
 P - a +1 scimitar of flaming
 R - a +1 halberd of flaming
 X - the +6 falchion "Raunydeb" (weapon) {vorpal, *Contam rF+ MR++ Dex+4}
   (You found it on level 1 of the Lair of Beasts)

   It inflicts extra damage upon your enemies.
   It affects your dexterity (+4).
   It protects you from fire.
   It affects your resistance to hostile enchantments.
   It causes magical contamination when unequipped.
Missiles
 v - 14 poisoned darts (quivered)
Armour
 h - a +0 pair of gloves (worn)
 i - a +0 helmet
 D - a +0 troll leather armour {Purgy}
 K - a +0 cloak (worn)
 N - a +0 helmet of intelligence (worn)
 O - cursed +0 steam dragon scales (worn)
 W - a +2 robe of resistance
Magical Staves
 T - an uncursed staff of fire
 V - an uncursed staff of death {unknown}
Jewellery
 a - a +6 ring of strength
 j - a +6 ring of intelligence (left hand)
 n - a +4 ring of evasion
 I - a ring of protection from magic (right hand)
 Q - an uncursed amulet of faith
Wands
 e - a wand of paralysis (14)
 F - a wand of polymorph (22)
 M - a wand of acid (11)
 U - a wand of random effects (26)
 Z - a wand of flame (21)
Scrolls
 b - 8 scrolls of fog
 c - 5 scrolls of immolation
 d - 4 scrolls of teleportation
 f - 6 scrolls of remove curse
 g - 3 scrolls of blinking {unknown}
 k - 3 scrolls of torment {unknown}
 l - a scroll of magic mapping
 q - 3 scrolls of amnesia {unknown}
 t - 5 scrolls of enchant weapon {unknown}
 u - 2 scrolls of noise {unknown}
 x - 3 scrolls of fear {unknown}
 y - 2 scrolls of random uselessness {unknown}
 H - 3 scrolls of enchant armour {unknown}
 Y - a scroll of vulnerability {unknown}
Potions
 m - a potion of lignification
 o - 5 potions of might
 p - 5 potions of curing
 r - 7 potions of brilliance {unknown}
 s - 6 potions of flight
 w - a potion of magic
 z - 2 potions of haste
 A - 3 potions of stabbing
 E - 2 potions of mutation
Books
 S - a manual of Fire Magic


   Skills:
 + Level 1.5 Fighting
 + Level 1.4 Long Blades
 + Level 1.4(1.7) Maces & Flails
 + Level 1.2(1.4) Polearms
 + Level 1.7(2.5) Staves
 + Level 1.0 Armour
 + Level 3.8 Dodging
 + Level 3.8 Stealth
 * Level 15.5 Spellcasting
 * Level 8.6 Summonings
 * Level 12.7 Ice Magic
 * Level 5.3 Invocations


You had 25 spell levels left.
You knew the following spells:

 Your Spells              Type           Power        Failure   Level
a - Freeze                Ice            ####         0%          1
b - Frozen Ramparts       Ice            ######       1%          3
c - Ozocubu's Armour      Ice            #######.     1%          3
d - Hailstorm             Conj/Ice       ######..     1%          4
e - Summon Ice Beast      Ice/Summ       #######.     1%          4
f - Blink                 Tloc           N/A          2%          2

Your spell library contained the following spells:

 Spells                   Type           Power        Failure   Level
 Animate Skeleton         Necr           ####..       1%          1
 Magic Dart               Conj           ####         1%          1
 Pain                     Necr           ####         1%          1
 Call Imp                 Summ           ######..     1%          2
 Slow                     Hex            ####....     2%          2
 Conjure Flame            Conj/Fire      ####....     4%          3
 Mephitic Cloud           Conj/Pois/Air  ####....     4%          3
 Vampiric Draining        Necr           ####......   4%          3
 Animate Dead             Necr           ####......   14%         4
 Agony                    Necr           ####....     36%         5
 Irradiate                Conj/Tmut      ####......   36%         5
 Hydra Form               Tmut           ####......   91%         6
 Statue Form              Tmut/Erth      ####.....    91%         6
 Dragon Form              Tmut           ####......   100%        7


Dungeon Overview and Level Annotations

Branches:
Dungeon (12/15)            Temple (1/1) D:5            Lair (2/6) D:10
  Sewer (visited)           IceCv (1/1)
  Swamp: Lair:2-4    Shoals: Lair:2-4     Snake: Lair:2-4    Spider: Lair:2-4
    Orc: D:9-12

Altars:
Ashenzari
Cheibriados
Dithmenos
Elyvilon
Fedhas
Gozag
Kikubaaqudgha
Makhleb
Nemelex Xobeh
Okawaru
Qazlal
Ru
Sif Muna
Trog
Uskayaw
Vehumet
Wu Jian
Xom
Yredelemnul
Zin
The Shining One

Shops:
D:10 [

Portals:
Trove: D:11 (give +3 storm dragon scales)

Annotations:
D:6 1 runed translucent door, wellesgreysong's ghost, novice DECj
D:11 exclusion: boulder beetle
Lair:1 2 transporters
Lair:2 1 transporter


Message History

Your ice beast hits the ice devil but does no damage.
The ice devil hits you. The ice devil freezes you!
Your ice beast hits the ice devil but does no damage.
Your ice beast misses the ice devil.
Your ice beast barely misses the ice devil.
Your ice beast hits the ice devil.
Your ice beast freezes the ice devil.
The ice devil completely resists.
You closely miss the ice devil.
The ice devil is moderately wounded.
Your ice beast disappears in a puff of smoke!
Your ice beast hits the ice devil but does no damage.
The ice devil hits you! The ice devil freezes you!!
* * * LOW HITPOINT WARNING * * *
You hit the ice devil but do no damage.
The ice devil is moderately wounded.
Your ice beast hits the ice devil but does no damage.
The ice devil hits you!
* * * LOW HITPOINT WARNING * * *
The ice devil freezes you!
You die...

.............
...........
.........
....... .....
#..§# ##§YY#
#..4# #.Y@##
##...#
##...##
##.....##
#...∩...#
#...∩...#
##.....##
##...## #####


You could see an ice devil and 3 friendly ice beasts.

Vanquished Creatures
  A fire giant (D:11)
  A boulder beetle (D:11)
  An unseen horror (D:11)
  Pikel (D:8)
  2 rime drakes (Lair:2)
  Psyche (D:11)
  2 komodo dragons
  A hornet (D:9)
  2 blink frogs (Lair:1)
  4 yaks (D:11)
  A wyvern (D:11)
  A fire bat (D:11)
  6 water moccasins
  A soldier ant (D:11)
  An orc warrior (D:6)
  Purgy (Sewer)
  3 sky beasts
  A black bear (D:10)
  2 ogres
  A phantom (D:6)
  2 centaurs
  7 bullfrogs
  Blork the orc (D:5)
  A wyvern zombie (D:8)
  2 scorpions
  6 killer bees (D:8)
  4 wights (D:11)
  3 howler monkeys
  A centaur zombie (D:10)
  A bullfrog zombie (D:6)
  A quasit (D:3)
  5 hounds
  2 jellies
  An orc priest (D:7)
  A bullfrog skeleton (D:6)
  3 orc wizards
  An iguana (D:9)
  6 worker ants
  Natasha (twice) (D:2)
  A hound zombie (D:6)
  Robin (D:2)
  2 worker ant zombies
  4 gnolls
  13 adders
  2 shadow imps
  An ufetubus (D:6)
  5 worms
  4 dart slugs
  4 leopard geckos
  26 orcs
  5 giant cockroaches
  14 goblins
  16 hobgoblins
  2 jackals
  2 quokkas
  5 bats
  4 frilled lizards
  A jackal skeleton (D:3)
  10 kobolds
  A leopard gecko skeleton (D:5)
  A quokka skeleton (D:6)
  2 quokka zombies
  12 rats
222 creatures vanquished.

Vanquished Creatures (collateral kills)
  Erica (D:8)
  2 two-headed ogres
  Nergalle (D:11)
  An ugly thing (D:11)
  A cyclops (D:11)
  An elephant (D:10)
  Maurice (D:11)
  A torpor snail (Lair:2)
  2 centaur zombies (D:11)
  3 cane toads (Lair:1)
  Maggie (D:8)
  A rime drake (Lair:1)
  A komodo dragon (Lair:1)
  2 guardian mummies (D:11)
  A troll (D:10)
  Grinder (D:5)
  3 blink frogs (Lair:1)
  2 shadows (D:11)
  A wyvern (D:10)
  5 fire bats (D:11)
  4 yaks (Lair:1)
  3 basilisks
  A steam dragon (D:11)
  4 vampire mosquitoes (Lair:1)
  Edmund (D:5)
  2 insubstantial wisps (Lair:1)
  An ice beast (D:9)
  An orc warrior (D:11)
  A sky beast (D:11)
  A black bear (D:9)
  3 eyes of draining
  3 ogres
  A centaur (D:9)
  A big kobold (D:11)
  2 bullfrogs
  2 scorpions
  A wyvern skeleton (D:11)
  11 wights
  3 hounds
  A centaur skeleton (D:8)
  2 orc priests
  2 orc wizards (D:10)
  Crazy Yiuf (D:5)
  A worker ant (D:7)
  A killer bee zombie (D:5)
  2 gnolls (D:10)
  An adder (D:6)
  2 shadow imps
  2 white imps
  A leopard gecko (D:8)
  6 orcs
  3 kobolds (D:11)
  A leopard gecko skeleton (D:4)
  2 quokka zombies (D:9)
106 creatures vanquished.

Vanquished Creatures (others)
  3 fungi (Lair:2)
  5 plants
8 creatures vanquished.

Grand Total: 336 creatures vanquished

Notes
Turn   | Place    | Note
-------+----------+-------------------------------------------
     0 | D:1      | robertstho the Deep Elf Ice Elementalist began the quest
                  | for the Orb.
     0 | D:1      | Reached XP level 1. HP: 10/10 MP: 6/6
   358 | D:1      | Reached XP level 2. HP: 13/15 MP: 1/8
   868 | D:1      | Reached skill level 5 in Ice Magic
  1132 | D:1      | Reached XP level 3. HP: 12/19 MP: 8/10
  1725 | D:2      | Noticed Robin
  1734 | D:2      | Reached skill level 4 in Spellcasting
  1751 | D:2      | Killed Robin
  2038 | D:2      | Reached XP level 4. HP: 19/24 MP: 6/12
  2191 | D:2      | Noticed Natasha
  2198 | D:2      | Killed Natasha
  2312 | D:2      | Noticed Natasha
  2319 | D:2      | Killed Natasha
  2687 | D:3      | Learned a level 3 spell: Frozen Ramparts
  2691 | D:3      | Learned a level 3 spell: Ozocubu's Armour
  2696 | D:3      | Learned a level 4 spell: Hailstorm
  2795 | D:3      | Reached XP level 5. HP: 28/28 MP: 14/14
  3400 | D:3      | Reached skill level 5 in Spellcasting
  3892 | D:4      | Noticed an ogre
  3902 | D:4      | Reached XP level 6. HP: 29/33 MP: 12/16
  3921 | D:3      | Learned a level 4 spell: Summon Ice Beast
  4079 | D:4      | Reached skill level 6 in Spellcasting
  4449 | D:4      | Found a shimmering altar of Xom.
  4450 | D:4      | Found a broken altar of Ashenzari.
  4497 | D:5      | Entered Level 5 of the Dungeon
  4598 | D:5      | Found a staircase to the Ecumenical Temple.
  4602 | Temple   | Entered the Ecumenical Temple
  4792 | D:5      | Noticed a sky beast
  4796 | D:5      | Killed a sky beast
  4796 | D:5      | Reached XP level 7. HP: 37/37 MP: 14/18
  4859 | D:5      | Noticed Edmund
  4861 | D:5      | Noticed Grinder
  4870 | D:5      | Killed Edmund
  4870 | D:5      | Reached skill level 7 in Spellcasting
  4961 | D:5      | Killed Grinder
  5100 | D:5      | Found a glowing drain.
  5116 | D:5      | Reached skill level 1 in Polearms
  5139 | Sewer    | Entered a sewer
  5172 | Sewer    | Noticed Purgy
  5189 | Sewer    | Killed Purgy
  5470 | D:5      | Reached skill level 8 in Spellcasting
  5546 | D:5      | Found a runed translucent door.
  5547 | D:5      | Noticed Crazy Yiuf
  5754 | D:5      | Noticed Blork the orc
  5764 | D:5      | Killed Blork the orc
  5764 | D:5      | Reached skill level 1 in Summonings
  5764 | D:5      | Reached XP level 8. HP: 42/42 MP: 19/22
  5790 | D:5      | Found a radiant altar of Vehumet.
  5900 | D:5      | Found an ornate altar of the Wu Jian Council.
  6280 | D:5      | Killed Crazy Yiuf
  6426 | D:6      | Reached skill level 9 in Spellcasting
  6613 | D:6      | Found a glowing golden altar of the Shining One.
  6623 | D:6      | Found a runed translucent door.
  6703 | D:6      | Reached skill level 1 in Staves
  6791 | D:6      | Noticed wellesgreysong's ghost (novice DECj)
  6990 | D:6      | Found a shadowy altar of Dithmenos.
  7092 | D:6      | Reached skill level 10 in Spellcasting
  7392 | D:6      | Learned a level 2 spell: Blink
  7480 | D:7      | Reached XP level 9. HP: 46/46 MP: 17/25
  7626 | D:7      | Reached skill level 1 in Fighting
  7824 | D:8      | Noticed Maggie
  7833 | D:8      | Killed Maggie
  8010 | D:8      | Noticed Erica
  8020 | D:8      | Killed Erica
  8315 | D:8      | Reached skill level 11 in Spellcasting
  8333 | D:8      | Noticed Pikel
  8337 | D:8      | Killed Pikel
  8337 | D:8      | Reached skill level 1 in Armour
  8337 | D:8      | Reached skill level 5 in Summonings
  8337 | D:8      | Reached skill level 10 in Ice Magic
  8668 | D:8      | Found a shimmering blue altar of Sif Muna.
  8819 | D:8      | Got a bloodstained flail
  8819 | D:8      | Identified the +8 flail of the Shimmering Whale {flame,
                  | Int+4 Dex+3} (You found it on level 8 of the Dungeon)
  8859 | D:8      | Became a worshipper of Sif Muna the Loreminder
  9068 | D:9      | Reached skill level 1 in Invocations
  9406 | D:9      | You fall into a shaft and drop 3 floors!
  9505 | D:11     | Noticed a brown ugly thing
  9505 | D:11     | Noticed a cyclops
  9513 | D:11     | Killed a brown ugly thing
  9513 | D:11     | Reached XP level 10. HP: 26/52 MP: 2/27
  9668 | D:11     | Noticed Maurice
  9708 | D:10     | Entered Level 10 of the Dungeon
  9778 | D:10     | Noticed an elephant
  9791 | D:10     | Killed an elephant
  9791 | D:10     | Reached skill level 12 in Spellcasting
  9822 | D:10     | Found a staircase to the Lair.
  9838 | D:10     | Noticed a two-headed ogre
  9862 | D:10     | Killed a two-headed ogre
 10723 | D:10     | Reached * piety under Sif Muna
 11222 | D:10     | Found Kiextoet's Armour Boutique.
 11338 | D:10     | Reached skill level 13 in Spellcasting
 11647 | D:11     | Noticed a fire giant
 11648 | D:11     | Found the +7 great mace "Firestarter" {inner flame, rF++}
 11745 | D:11     | Killed a cyclops
 11771 | D:11     | Killed a fire giant
 11771 | D:11     | Reached XP level 11. HP: 31/56 MP: 23/30
 11811 | D:11     | Found a portal to a secret trove of treasure.
 11898 | D:11     | Noticed a two-headed ogre
 11918 | D:11     | Found a basalt altar of Yredelemnul.
 11926 | D:11     | Killed a two-headed ogre
 11941 | D:11     | Reached ** piety under Sif Muna
 11959 | D:11     | Reached skill level 14 in Spellcasting
 12012 | D:11     | Killed an unseen horror
 12567 | D:11     | Noticed a boulder beetle
 12595 | D:11     | Killed a boulder beetle
 12595 | D:11     | Reached skill level 1 in Maces & Flails
 12767 | D:11     | Noticed Nergalle
 12782 | D:11     | Killed Nergalle
 13429 | D:11     | Noticed Psyche
 13438 | D:11     | Killed Psyche
 13615 | D:11     | Killed Maurice
 13896 | Lair:1   | Entered Level 1 of the Lair of Beasts
 14319 | Lair:1   | Got a transparent falchion
 14319 | Lair:1   | Identified the +6 falchion "Raunydeb" {vorpal, *Contam rF+
                  | MR++ Dex+4} (You found it on level 1 of the Lair of Beasts)
 14442 | Lair:1   | Found a transporter.
 14450 | Lair:1   | Reached skill level 15 in Spellcasting
 14458 | Lair:1   | Reached skill level 5 in Invocations
 14609 | Lair:1   | Reached XP level 12. HP: 61/61 MP: 21/33
 14997 | Lair:1   | Found a transporter.
 15323 | Lair:2   | Found a transporter.
 15352 | Lair:2   | Found a frozen archway.
 15361 | Lair:2   | Reached skill level 1 in Long Blades
 15362 | Lair:2   | Reached *** piety under Sif Muna
 15463 | IceCv    | Entered an ice cave
 15795 | IceCv    | Slain by an ice devil

Illustrated notes

Levels and vault maps discovered:
D:1:      nagdon_arrival_double_spiral, layout_loops_ring, minmay_tripent
D:2:      layout_loops_ring, uniq_robin, uniq_natasha
D:3:      minmay_inner_zag, layout_basic
D:4:      layout_rooms, gammafunk_temple_overflow_pools
D:5:      layout_basic, fiery_altar_vehumet, temple_hall_moat, basic_altar,
          gup_sewer_entry_glass, minmay_misc_feat_tower, uniq_edmund,
          uniq_blork_the_orc, uniq_crazy_yiuf_cottage, uniq_grinder
D:6:      layout_rooms, lemuel_crystal_altar, basic_altar,
          ebering_ghost_sewer_d, serial_bayou_pond_b, st_stairs_9,
          minmay_statues_item
D:7:      layout_rooms, lemuel_coloured_pillars_altar, nicolae_benzene_ring
D:8:      layout_gridville, marbit_many_paths, uniq_pikel, uniq_maggie,
          uniq_erica
D:9:      layout_cave_pools
D:10:     layout_roguey, david_lair_generic, serial_shops,
          nicolae_shop_temple_entry_statues_fountains
D:11:     minmay_firetagon, layout_long_grid, basic_altar,
          gauntlet_entry_generic, nicolae_trove_entry_path_of_doom, uniq_psyche,
          uniq_maurice, uniq_nergalle
D:12:     layout_roguey, erik_orc_4
Temple:   nicolae_temple_elliptical
Lair:1:   gammafunk_cloud_chamber, layout_gridlike,
          nicolae_quartered_pool_super, pond, grunt_megastairs_3
Lair:2:   layout_chaotic_city, portal_ice_cave_rime,
          gammafunk_ghost_abyssal_escape
IceCv:    ice_cave_tombish

Skill      XL: |  1  2  3  4  5  6  7  8  9 10 11 12 |
---------------+-------------------------------------+-----
Ice Magic      | 5 6 7 8 9 10 11 12 | 12.7
Spellcasting   | 4 5 6 8 10 11 13 15 | 15.5
Stealth        | 3 |  3.8
Dodging        | 3 |  3.8
Polearms       | 1 |  1.2
Summonings     | 1 2 5 6 8 |  8.6
Staves         | 1 |  1.7
Fighting       | 1 |  1.5
Armour         | 1 |  1.0
Invocations    | 1 3 5 |  5.3
Maces & Flails | 1 |  1.4
Long Blades    | 1 |  1.4

Action                   |  1- 3 |  4- 6 |  7- 9 | 10-12 || total
-------------------------+-------+-------+-------+-------++-------
Melee: Unarmed           |     7 |       |       |       ||     7
       Dagger            |    22 |       |       |       ||    22
       Spear             |    27 |    91 |     8 |       ||   126
       Trident           |       |       |    38 |       ||    38
       Quarterstaff      |       |       |    11 |       ||    11
       Flail             |       |       |       |    67 ||    67
       Falchion          |       |       |       |     7 ||     7
 Cast: Freeze            |    59 |     9 |       |       ||    68
       Frozen Ramparts   |       |    22 |    39 |    60 ||   121
       Summon Ice Beast  |       |     2 |    73 |   105 ||   180
Invok: Channel Magic     |       |       |       |     3 ||     3
  Use: Potion            |     3 |       |     1 |     4 ||     8
       Scroll            |       |     4 |     6 |     5 ||    15
 Stab: Sleeping          |     3 |     2 |     1 |       ||     6
       Invisible         |     1 |       |       |     1 ||     2
       Distracted        |       |       |     2 |     1 ||     3
Armor: Robe              |    27 |    16 |     1 |       ||    44
       Troll leather arm |       |       |    15 |       ||    15
       Steam dragon scal |       |       |    11 |    57 ||    68
Dodge: Dodged            |    64 |    68 |    79 |   120 ||   331
       Rpst.: Falchion   |       |       |       |    13 ||    13

Table legend: (Time is in decaauts)
 A = Elapsed time spent in this place.
 B = Non-inter-level travel time spent in this place.
 C = Inter-level travel time spent in this place.
 D = Time resting spent in this place.
 E = Time spent auto-exploring this place.
 F = Levels seen in this place.
 G = Mean time per level.
                   A        B        C        D        E       F      G
               +--------+--------+--------+--------+--------+-----+--------+
         Total |  15856 |  15285 |    571 |   1636 |  10552 |  17 |  932.7 |
       Dungeon |  13530 |  13016 |    514 |   1147 |   9227 |  12 | 1127.5 |
        Temple |    164 |    140 |     24 |      0 |    140 |   1 |  164.0 |
          Lair |   1582 |   1550 |     32 |    173 |   1056 |   2 |  791.0 |
         Sewer |    246 |    246 |      0 |     16 |    128 |   1 |  246.0 |
      Ice Cave |    331 |    331 |      0 |    300 |      0 |   1 |  331.0 |
               +--------+--------+--------+--------+--------+-----+--------+

Top non-repeatable levels by time:
    D:11: 2452 daAuts
     D:5: 1502 daAuts
    D:10: 1449 daAuts
     D:1: 1428 daAuts
  Lair:1: 1428 daAuts
     D:3: 1396 daAuts
     D:8: 1236 daAuts
     D:2: 1106 daAuts
     D:9: 930 daAuts
     D:6: 884 daAuts
     D:4: 575 daAuts
     D:7: 469 daAuts
   IceCv: 331 daAuts
   Sewer: 246 daAuts
  Temple: 164 daAuts
